 Seeded DCSS version 0.30.0-17-ge0270778cf (webtiles) character file.

Game seed: 12735965570273765983 (custom seed)

823 Pimp the Shooter (level 7, -1/41 HPs)
             Began as a Deep Elf Hunter on May 21, 2023.
             Was an Initiate of Sif Muna.
             Slain by Edmund
             ... wielding a +5 dire flail of protection
              (9 damage)
             ... on level 6 of the Dungeon.
             The game lasted 00:11:52 (4670 turns).

Pimp the Shooter (Deep Elf Hunter)                  Turns: 4670, Time: 00:11:52

Health: -1/41      AC:  8    Str: 14    XL:     7   Next: 63%
Magic:  23/23      EV: 15    Int: 14    God:    Sif Muna [......]
Gold:   243        SH:  0    Dex: 28    Spells: 13/13 levels left

rFire   + + .        f - staff of fire "Onehoicw" {Fly rF+ rC- Str+3 Dex+8}
rCold   x . .        (no shield)
rNeg    . . .        c - +0 leather armour
rPois   +            m - +0 helmet
rElec   .            (no cloak)
rCorr   .            j - +2 pair of gloves
SInv    .            o - +0 pair of boots
Will    .....        (no amulet)
Stlth   ++++         g - ring of the Archfiend {rF+ MP+9 Str+3}
HPRegen 0.26/turn    (no ring)
MPRegen 0.18/turn

%: no passive effects
@: flying, hasted, very quick
A: poison resistance
a: Renounce Religion


You were on level 6 of the Dungeon.
You worshipped Sif Muna.
Sif Muna was noncommittal.
You visited 2 branches of the dungeon, and saw 7 of its levels.

You collected 243 gold pieces.

Inventory:

Hand Weapons
 a - a +1 shortbow of flaming
 y - the +2 scimitar of Qeapla {drain, Drain rF++ Str+3 Stlth+}
   (You found it on level 5 of the Dungeon)

   Str:       It affects your strength (+3).
   rF:        It greatly protects you from fire.
   Drain:     It drains your maximum health when unequipped.
   Stlth:     It makes you more stealthy.
Armour
 c - a +0 leather armour (worn)
 j - a +2 pair of gloves (worn)
 m - a +0 helmet (worn)
 o - a +0 pair of boots (worn)
Magical Staves
 f - the staff of fire "Onehoicw" (weapon) {Fly rF+ rC- Str+3 Dex+8}
   (You acquired it on level 1 of the Dungeon)

   [staff of fire]

   Base accuracy: +5 Base damage: 5 Base attack delay: 1.2 This weapon's minimum
   attack delay (0.6) is reached at skill level 12.
   Str:       It affects your strength (+3).
   Dex:       It affects your dexterity (+8).
   rF:        It protects you from fire.
   rC:        It makes you vulnerable to cold.
   Fly:       It grants you flight.
   It falls into the 'Staves' category.
   It is a one-handed weapon.
 x - a staff of conjuration
Jewellery
 g - the ring of the Archfiend (left hand) {rF+ MP+9 Str+3}
   (You acquired it on level 1 of the Dungeon)

   [ring of magical power]

   Str:       It affects your strength (+3).
   rF:        It protects you from fire.
   MP:        It affects your magic capacity (+9).
 p - a ring of positive energy
Wands
 v - a wand of iceblast (8)
Scrolls
 b - 3 scrolls of immolation
 i - a scroll of teleportation
 k - a scroll of enchant armour
 t - 3 scrolls of identify
Potions
 d - a potion of heal wounds {unknown}
 u - a potion of brilliance {unknown}
 w - 2 potions of lignification {unknown}


   Skills:
 + Level 3.1 Fighting
 + Level 1.0 Staves
 * Level 7.4 Ranged Weapons
 + Level 4.6 Dodging
 * Level 5.2 Stealth
 * Level 3.5 Spellcasting
 * Level 3.0 Fire Magic


You had 13 spell levels left.
You didn't know any spells.
Your spell library contained the following spells:

 Spells                   Type           Power      Damage    Failure   Level
 Summon Small Mammal      Summ           8%         N/A       26%         1
 Lesser Beckoning         Tloc           4%         N/A       36%         2
 Call Canine Familiar     Summ           2%         N/A       61%         3
 Gell's Gravitas          Tloc           2%         N/A       61%         3
 Summon Guardian Golem    Hex/Summ       2%         N/A       61%         3
 Teleport Other           Tloc           2%         N/A       61%         3


Dungeon Overview and Level Annotations

Branches:
Dungeon (6/15)             Temple (1/1) D:5

Altars:
Dithmenos
Fedhas
Hepliaklqana
Qazlal
Ru
Sif Muna
Uskayaw
Vehumet
Wu Jian
Xom
Yredelemnul

Annotations:
D:5 2 transporters, Pimp's ghost, amateur DEHu
D:6 Edmund


Innate Abilities, Weirdness & Mutations

Your system is resistant to poisons. (rPois)


Message History

Edmund is lightly wounded.
Edmund hits you with a +5 dire flail of protection.
You barely miss Edmund.
Edmund is lightly wounded.
Edmund completely misses you. Edmund misses you.
You hit Edmund.
Edmund is lightly wounded.
Edmund says, "People accused me of being a cutpurse!"
Edmund hits you with a +5 dire flail of protection.
You hit Edmund but do no damage.
Edmund is lightly wounded.
Edmund hits you with a +5 dire flail of protection.
You hit Edmund but do no damage.
Edmund is lightly wounded.
Edmund completely misses you.
You barely miss Edmund.
Edmund is lightly wounded.
Edmund misses you.
You hit Edmund but do no damage. You burn Edmund.
Edmund is lightly wounded.
Edmund misses you.
You hit Edmund but do no damage.
Edmund is lightly wounded.
Edmund hits you with a +5 dire flail of protection!
Okay, then.
You feel yourself speed up.
Edmund hits you with a +5 dire flail of protection.
* * * LOW HITPOINT WARNING * * *
You feel better. Edmund closely misses you.
You hit Edmund but do no damage.
Edmund is lightly wounded.
Edmund hits you with a +5 dire flail of protection.
You hit Edmund.
Edmund is moderately wounded.
Edmund hits you with a +5 dire flail of protection!
* * * LOW HITPOINT WARNING * * *
You hit Edmund but do no damage.
Edmund is moderately wounded.
Edmund hits you with a +5 dire flail of protection!
You die...

#. #. #. #. ##
#.## ##.# ..#
###!..##@#######
........@..!....
###...#..#######
##. #.## # #.#
#.# #+# #.# #.#
#.# #.# #.#
##.###### #.#


You could see Edmund.

Vanquished Creatures
  Eustachio (D:6)
  A phantom (D:5)
  A bullfrog (D:6)
  4 hounds
  An orc priest (D:6)
  A gnoll bouda (D:5)
  A sleepcap (D:5)
  Jessica (D:3)
  Terence (D:2)
  An iguana (D:6)
  An orc wizard (D:6)
  8 gnolls
  4 adders
  A white imp (D:6)
  2 worms
  A dart slug (D:3)
  17 orcs
  8 ball pythons
  2 bats
  4 endoplasms
  2 giant cockroaches
  8 goblins
  6 hobgoblins
  7 jackals
  6 kobolds
  7 quokkas
  4 frilled lizards
  5 rats
106 creatures vanquished.

Notes
Turn   | Place    | Note
-------+----------+-------------------------------------------
     0 | D:1      | Pimp the Deep Elf Hunter began the quest for the Orb.
     0 | D:1      | Reached XP level 1. HP: 12/12 MP: 3/3
   153 | D:1      | Identified 2 scrolls of acquirement
   153 | D:1      | Acquired the ring of the Archfiend {rF+ MP+9 Str+3}
   154 | D:1      | Acquired the staff of fire "Onehoicw" {Fly rF+ rC- Str+3
                  | Dex+8}
   235 | D:1      | Reached XP level 2. HP: 17/17 MP: 4/4
   613 | D:1      | Reached XP level 3. HP: 21/21 MP: 5/5
   862 | D:2      | Found a stormy altar of Qazlal.
   876 | D:2      | Noticed Terence
   886 | D:2      | Killed Terence
  1069 | D:2      | Reached XP level 4. HP: 26/26 MP: 6/6
  1186 | D:2      | Reached skill level 6 in Ranged Weapons
  1810 | D:3      | Noticed Jessica
  1813 | D:3      | Killed Jessica
  1884 | D:3      | Reached XP level 5. HP: 31/31 MP: 7/7
  2419 | D:4      | Found a shadowy altar of Dithmenos.
  2441 | D:4      | Found a blossoming altar of Fedhas.
  2450 | D:4      | Found a hazy altar of Hepliaklqana.
  2510 | D:4      | Found a radiant altar of Vehumet.
  2627 | D:4      | Found a basalt altar of Yredelemnul.
  2905 | D:5      | Entered Level 5 of the Dungeon
  2907 | D:5      | Found a transporter.
  2907 | D:5      | Noticed Pimp's ghost (amateur DEHu)
  2965 | D:5      | Noticed a phantom
  2993 | D:5      | Reached skill level 1 in Fire Magic
  3013 | D:5      | Identified the +6 great mace "Zabrocita" {flame, rPois rF-
                  | Str+3}
  3013 | D:5      | Noticed an ogre
  3134 | D:5      | Found a hide-covered altar of Uskayaw.
  3146 | D:5      | Reached skill level 1 in Spellcasting
  3178 | D:5      | Reached XP level 6. HP: 36/36 MP: 10/10
  3314 | D:5      | Identified the +2 scimitar of Qeapla {drain, Drain rF++
                  | Str+3 Stlth+}
  3429 | D:5      | Found a transporter.
  3521 | D:5      | Found a staircase to the Ecumenical Temple.
  3746 | D:5      | Found an ornate altar of the Wu Jian Council.
  4119 | Temple   | Entered the Ecumenical Temple
  4140 | Temple   | Became a worshipper of Sif Muna the Loreminder
  4167 | D:6      | Noticed Eustachio
  4280 | D:6      | Gained mutation: Your system is resistant to poisons.
                  | (rPois) [potion of mutation]
  4301 | D:6      | Killed Eustachio
  4302 | D:6      | Reached skill level 7 in Ranged Weapons
  4302 | D:6      | Reached XP level 7. HP: 4/41 MP: 13/13
  4306 | D:6      | Reached skill level 5 in Stealth
  4307 | D:6      | HP: 3/61 [orc priest/+0 hand axe (2)]
  4556 | D:6      | Reached skill level 1 in Staves
  4654 | D:6      | Noticed Edmund
  4670 | D:6      | Slain by Edmund

Illustrated notes

Levels and vault maps discovered:
D:1:      dpeg_arrival_long_road, layout_loops_cross, hex_tiny
D:2:      minmay_evil_eye, layout_basic, basic_altar, minmay_ruptured,
          uniq_terence
D:3:      layout_loops_ring, minmay_surrounded, uniq_jessica
D:4:      layout_cave_pools, mainiacjoe_overflow_brackets,
          mainiacjoe_overflow_24_doors, mainiacjoe_overflow_catwalk, minitemple
D:5:      layout_basic, eat_drink_and_be_merry_uskayaw, kennysheep_little_box,
          minmay_temple_entry_glassed_door, gammafunk_ghost_smash, minivault_25
D:6:      old_forge, layout_loops_corners, uniq_edmund, uniq_eustachio
Temple:   jpeg_temple_clearing

Skill      XL: |  1  2  3  4  5  6  7 |
---------------+----------------------+-----
Stealth        | 2 3 4 5 |  5.2
Fighting       | 2 3 |  3.1
Dodging        | 3 4 |  4.6
Ranged Weapons | 6 7 |  7.4
Fire Magic     | 1 2 3 |  3.0
Spellcasting   | 1 3 |  3.5
Staves         | 1 |  1.0

Action                     |  1- 3 |  4- 6 |  7- 9 || total
---------------------------+-------+-------+-------++-------
  Melee: Staff             |       |    37 |    23 ||    60
         Shortbow          |       |     1 |       ||     1
   Fire: Shortbow          |    76 |   206 |    19 ||   301
    Use: Scroll            |     3 |    11 |       ||    14
         Potion            |       |     6 |     2 ||     8
 Armour: Leather armour    |     6 |    53 |     1 ||    60
  Dodge: Dodged            |    17 |    87 |    17 ||   121
